 Dungeon Crawl Stone Soup version 0.29.1-1-gd02db6906a (webtiles) character file.

Game seed: 16385930603563159239

368 Araneus the Cudgeller (level 6, -6/47 HPs)
             Began as a Demonspawn Fighter on Sept 30, 2022.
             Mangled by a gnoll
             ... wielding a +0 halberd
             ... led by a gnoll bouda
              (8 damage)
             ... on level 4 of the Dungeon.
             The game lasted 00:05:44 (2536 turns).

Araneus the Cudgeller (Demonspawn Fighter)          Turns: 2536, Time: 00:05:44

Health: -6/47      AC: 10    Str: 19    XL:     6   Next: 41%
Magic:  6/6        EV:  6    Int:  9    God:
Gold:   200        SH:  7    Dex: 14    Spells: 5/5 levels left

rFire   . . .      SeeInvis .   a - +0 flail
rCold   . . .      Faith    .   l - +2 buckler
rNeg    . . .      Spirit   .   m - +0 chain mail
rPois   .          Reflect  .   (no helmet)
rElec   .          Harm     .   (no cloak)
rCorr   .          Rampage  .   (no gloves)
Will    .....                   n - +0 pair of boots
Stlth   ..........              (no amulet)
HPRegen 0.15/turn               (no ring)
MPRegen 0.10/turn               (no ring)

@: no status effects
A: thin skeletal structure 1, powered by death 3
a: no special abilities


You were on level 4 of the Dungeon.
You visited 1 branch of the dungeon, and saw 4 of its levels.

You collected 200 gold pieces.

Inventory:

Hand Weapons
 a - a +0 flail (weapon)
Armour
 l - a +2 buckler (worn)
 m - a +0 chain mail (worn)
 n - a +0 pair of boots (worn)
Jewellery
 f - a ring of ice
Wands
 j - a wand of paralysis (25)
Scrolls
 b - 4 scrolls of identify
 e - 4 scrolls of amnesia
 k - 2 scrolls of teleportation
 q - 2 scrolls of enchant armour {unknown}
Potions
 c - 2 potions of berserk rage
 d - 2 potions of might
 i - a potion of flight
 o - a potion of degeneration {unknown}
 p - a potion of curing {unknown}


   Skills:
 - Level 3.0 Fighting
 + Level 5.7 Maces & Flails
 - Level 2.6 Armour
 + Level 3.0 Shields
 * Level 1.9 Evocations


You had 5 spell levels left.
You didn't know any spells.
Your spell library contained the following spells:

 Spells                   Type           Power      Damage    Failure   Level
 Ensorcelled Hibernation  Hex/Ice        0%         N/A       100%        2
 Passwall                 Tmut/Erth      0%         N/A       100%        2
 Swiftness                Air            0%         N/A       100%        3


Dungeon Overview and Level Annotations

Branches:
Dungeon (4/15)
 Temple: D:4-7

Altars:
Kikubaaqudgha


Innate Abilities, Weirdness & Mutations

You have a somewhat thin skeletal structure. (Dex +2, Stealth+)
You regenerate a lot of health from kills.


Message History

The gnoll barely misses you. The gnoll hits you with a +0 club.
You hit the gnoll bouda.
The gnoll bouda is heavily wounded.
The gnoll bouda hits you with a +0 club.
The gnoll hits you from afar with a +0 halberd.
The gnoll hits you but does no damage. You block the gnoll's attack.
The gnoll hits you from afar with a +0 halberd!
You barely miss the gnoll bouda.
The gnoll bouda is heavily wounded.
The gnoll bouda barely misses you. The gnoll closely misses you.
You block the gnoll's attack. x2
The gnoll hits you from afar with a +0 halberd.
You are too injured to fight recklessly!
You feel very mighty all of a sudden.
The gnoll bouda hits you with a +0 club.
The gnoll hits you from afar with a +0 halberd.
The gnoll hits you but does no damage. You block the gnoll's attack.
The gnoll hits you from afar with a +0 halberd.
* * * LOW HITPOINT WARNING * * *
It was a potion of flight.
You feel very buoyant.
You fly up into the air.
The gnoll bouda hits you with a +0 club.
* * * LOW HITPOINT WARNING * * *
The gnoll hits you but does no damage. The gnoll barely misses you.
The gnoll hits you with a +0 club.
* * * LOW HITPOINT WARNING * * *
You block the gnoll's attack. The gnoll barely misses you.
It was a potion of cancellation.
Your magical effects are unravelling.
You feel magically purged.
You float gracefully downwards.
You feel a little less mighty now.
Your attacks no longer feel as feeble.
The gnoll bouda hits you with a +0 club.
* * * LOW HITPOINT WARNING * * *
The gnoll barely misses you.
The gnoll hits you from afar with a +0 halberd.
* * * LOW HITPOINT WARNING * * *
The gnoll closely misses you. You block the gnoll's attack.
The gnoll hits you from afar with a +0 halberd!
You die...

######.###.####.##.#
#......# #.# #.##.#
#......# #.# #.##.#
#......# #.####.##.#####
#......###.##..........#
#......)...##.#.##..####
#................#..#
#...................#
.....>.##.....#g@...#
#......#####...ggg..#
####..........gg....#
#....#####.......##
#....# #..[.#.##
###....#####......#
..................#
####............###
##.######..#######.


You could see a gnoll bouda and 5 gnolls.

Vanquished Creatures
  A black bear (D:4)
  An ogre (D:4)
  A scorpion (D:4)
  A hound (D:4)
  4 adders
  A worm (D:3)
  2 dart slugs
  7 orcs
  2 ball pythons
  7 endoplasms
  A giant cockroach (D:1)
  6 goblins
  5 hobgoblins
  A quokka (D:1)
  9 bats
  3 frilled lizards
  6 kobolds
  6 rats
64 creatures vanquished.

Notes
Turn   | Place    | Note
-------+----------+-------------------------------------------
     0 | D:1      | Araneus the Demonspawn Fighter began the quest for the Orb.
     0 | D:1      | Reached XP level 1. HP: 18/18 MP: 1/1
    48 | D:1      | Reached skill level 2 in Maces & Flails
   252 | D:1      | Gained mutation: You regenerate a little health from kills.
                  | [demonic ancestry]
   252 | D:1      | Reached XP level 2. HP: 20/24 MP: 2/2
   742 | D:1      | Reached skill level 3 in Maces & Flails
   838 | D:1      | Found a faded altar of an unknown god.
   979 | D:2      | Gained mutation: You regenerate health from kills. [demonic
                  | ancestry]
   979 | D:2      | Reached XP level 3. HP: 26/29 MP: 3/3
  1340 | D:2      | Reached XP level 4. HP: 35/35 MP: 4/4
  1430 | D:2      | Reached skill level 4 in Maces & Flails
  1763 | D:3      | Found an ancient bone altar of Kikubaaqudgha.
  2235 | D:4      | Noticed a scorpion
  2241 | D:4      | Killed a scorpion
  2242 | D:4      | Reached skill level 1 in Evocations
  2242 | D:4      | Gained mutation: You regenerate a lot of health from kills.
                  | [demonic ancestry]
  2242 | D:4      | Reached XP level 5. HP: 39/41 MP: 5/5
  2245 | D:4      | Noticed a black bear
  2255 | D:4      | Killed a black bear
  2256 | D:4      | Reached skill level 5 in Maces & Flails
  2276 | D:4      | Gained mutation: You have a somewhat thin skeletal
                  | structure. (Dex +2, Stealth+) [demonic ancestry]
  2276 | D:4      | Reached XP level 6. HP: 30/47 MP: 6/6
  2536 | D:4      | HP: 2/47 [gnoll/+0 halberd[a gnoll bouda] (2)]
  2536 | D:4      | Mangled by a gnoll

Illustrated notes

Levels and vault maps discovered:
D:1:      lightli_arrival_statue_moat, layout_basic, basic_ecumenical_altar
D:2:      layout_loops_ring, basic_altar
D:3:      layout_loops_ring, mainiacjoe_overflow_six_doors_small
D:4:      layout_basic, serial_shops, nicolae_shop_hallway_plus,
          kennysheep_cluttered_room

Skill      XL: |  1  2  3  4  5  6 |
---------------+-------------------+-----
Maces & Flails | 2 3 4 5 |  5.7
Evocations     | 1 |  1.9
Shields        | 3 |  3.0
Fighting       | |  3.0
Armour         | |  2.6

Action                   |  1- 3 |  4- 6 || total
-------------------------+-------+-------++-------
Melee: Flail             |    99 |    83 ||   182
  Use: Potion            |       |     4 ||     4
       Scroll            |       |     4 ||     4
Armor: Scale mail        |    55 |     1 ||    56
       Chain mail        |       |    37 ||    37
Dodge: Dodged            |    52 |    27 ||    79
Block: Buckler           |    24 |    31 ||    55
